 Dungeon Crawl Stone Soup version 0.21.0-3-g78d12a8 (webtiles) character file.

144 Monsterracer the Ruffian (level 5, 0/39 HPs)
             Began as a Ghoul Venom Mage on Jan 13, 2018.
             Slain by a leopard gecko (2 damage)
             ... on level 5 of the Dungeon.
             The game lasted 00:05:13 (3415 turns).

Monsterracer the Ruffian (Ghoul Venom Mage)         Turns: 3415, Time: 00:05:14

Health: 0/39       AC:  5    Str: 18    XL:     5   Next: 26%
Magic:  6/6        EV: 11    Int: 18    God:
Gold:   90         SH:  0    Dex:  9    Spells: 6/7 levels left

rFire    + . .     SeeInvis .     - Unarmed
rCold    + . .     Gourm    .   (no shield)
rNeg     + + +     Faith    .   k - +0 ring mail
rPois    ∞         Spirit   .   (no helmet)
rElec    .         Reflect  .   (no cloak)
rCorr    .         Harm     .   (no gloves)
MR       ++...                  (no boots)
Stlth    +.........             (no amulet)
HPRegen  0.00/turn              f - ring of protection from fire {!d}
MPRegen  0.10/turn              m - ring of the Mage {Wiz MR++ Int+3}

@: mighty, brilliant, rotting
A: rotting body, claws 1, carnivore, cold resistance 1, negative energy
resistance 3, inhibited regeneration, torment resistance, unbreathing
a: no special abilities


You were on level 5 of the Dungeon.
You were not hungry.

You visited 1 branch of the dungeon, and saw 5 of its levels.

You collected 90 gold pieces.

Inventory:

Armour
 k - a +0 ring mail (worn)
Jewellery
 f - a ring of protection from fire (left claw) {!d}
 m - the ring of the Mage (right claw) {Wiz MR++ Int+3}
   (You found it on level 4 of the Dungeon)

   [ring of wizardry]

   It improves your spell success rate.
   It affects your intelligence (+3).
   It affects your resistance to hostile enchantments.
Scrolls
 a - a scroll of random uselessness {unknown}
 b - a scroll of fear {unknown}
 e - 5 scrolls of identify {unknown}
 g - a scroll of magic mapping {unknown}
 h - a scroll of blinking {unknown}
 j - 3 scrolls of remove curse {unknown}
 l - a scroll of teleportation {unknown}
Potions
 d - 2 potions of might
 i - 2 potions of brilliance
Comestibles
 c - 4 rations


   Skills:
 + Level 0.6 Fighting
 + Level 2.0 Dodging
 - Level 2.1 Stealth
 * Level 5.0 Unarmed Combat
 - Level 1.7 Spellcasting
 - Level 0.7 Conjurations
 - Level 3.0 Poison Magic


You had 6 spell levels left.
You knew the following spells:

 Your Spells              Type           Power        Failure   Level  Hunger
a - Sting                 Conj/Pois      ###.         1%          1    #......


Dungeon Overview and Level Annotations

Branches:
Dungeon (5/15)
 Temple: D:4-7

Altars:
Makhleb


Innate Abilities, Weirdness & Mutations

Your body is rotting away.
You thrive on raw meat.
You are immune to poison.
You have sharp fingernails.
You are carnivorous and can eat meat at any time.
Your flesh is cold resistant. (rC+)
You are immune to negative energy. (rN+++)
You do not regenerate when monsters are visible.
You are immune to unholy pain and torment.
You can survive without breathing.


Message History

You hear the brisk hiss of a distant avalanche of sand.
The hound barely misses you. The hound closely misses you.
The hound closely misses you. The hound bites you.
You take 3 damage, and have 25/33 hp.
Found an escape hatch in the floor.
The hound bites you.
You take 1 damage, and have 24/33 hp.
The hound bites you but does no damage.
Found a scroll labeled UBLIRR BAJ TUAR.
The hound barely misses you. The hound closely misses you.
Found a plate armour.
An adder comes into view.
The hound bites you.
Found a stone staircase leading up.
You take 3 damage, and have 21/33 hp.
The hound barely misses you.
You see here a scroll labeled UBLIRR BAJ TUAR.
e - 5 scrolls labeled UBLIRR BAJ TUAR (gained 1)
The hound bites you but does no damage.
The gnoll hits you from afar with a spear.
You take 2 damage, and have 19/33 hp.
The hound bites you but does no damage. The hound bites you but does no damage.
The hound bites you.
* * * LOW HITPOINT WARNING * * *
Found a fizzy orange potion.
You take 4 damage, and have 15/33 hp.
The hound bites you but does no damage.
Found a stone staircase leading down.
Found 4 gold pieces.
The hound barely misses you.
An orc priest comes into view. It is wielding a club.
The orc priest shouts!
You hear a shout!
The orc priest moves out of view.
There is a stone staircase leading down here.
The hound barely misses you. x2
You climb downwards.
A leopard gecko comes into view.
Found a scroll labeled ISUAST CEYSSIG and a glowing dagger.
There is a stone staircase leading up here.
Unknown command.
You miss the hound. The hound bites you but does no damage.
You scratch the hound but do no damage. The hound closely misses you.
You scratch the hound.
The hound is lightly wounded.
The hound bites you.
* * * LOW HITPOINT WARNING * * *
The hound barely misses you.
You take 2 damage, and have 13/33 hp.
The hound bites you.
* * * LOW HITPOINT WARNING * * *
You take 2 damage, and have 11/33 hp.
Found a whip.
Found a burning altar of Makhleb.
The hound stops to sniff the ground.
The hound bites you.
* * * LOW HITPOINT WARNING * * *
The leopard gecko closely misses you.
You take 3 damage, and have 8/33 hp.
Okay, then.
You scratch the hound.
The hound is moderately wounded.
The hound bites you but does no damage. The hound bites you.
* * * LOW HITPOINT WARNING * * *
You take 3 damage, and have 5/33 hp.
You scratch the hound.
The hound is heavily wounded.
The hound closely misses you.
You scratch the hound.
The hound is almost dead.
The hound barely misses you. The hound bites you.
* * * LOW HITPOINT WARNING * * *
You take 3 damage, and have 2/33 hp.
It was a potion of might.
You feel very mighty all of a sudden. The hound closely misses you.
It was a potion of brilliance.
You feel clever all of a sudden. The hound closely misses you. x2
You completely miss the hound.
The hound is severely wounded.
The hound closely misses you.
You miss the hound.
The hound is severely wounded.
The hound barely misses you.
You barely miss the hound.
The hound is severely wounded.
The hound barely misses you. The hound bites you but does no damage.
You barely miss the hound.
The hound is severely wounded.
The hound bites you but does no damage.
You claw the hound!
You kill the hound!
Your Dodging skill increases to level 2!
Your Unarmed Combat skill increases to level 5!
You have reached level 5!
You feel stronger.
MP restored: 6 You barely miss the leopard gecko.
The leopard gecko bites you.
You die...

.._. . .... ..
#..# ... ####..#
.... #. ...#
##...8.
###.###.###.......
.#.....#..l@.#
..........###....#
.........## ...#
....)....# ..#
..?....<.# .#
..........# #
..........#
..........#
..........#


You could see a leopard gecko.

Vanquished Creatures
  A hound (D:5)
  A worker ant (D:4)
  A howler monkey skeleton (D:4)
  An adder (D:4)
  An ooze (D:4)
  2 worms
  2 dart slugs
  A leopard gecko (D:2)
  7 bats
  3 giant cockroaches
  6 goblins
  6 hobgoblins
  7 jackals (D:2)
  6 kobolds (D:1)
  A quokka (D:2)
  7 frilled lizards
  3 rats
56 creatures vanquished.

Notes
Turn   | Place    | Note
-------+----------+-------------------------------------------
     0 | D:1      | Monsterracer the Ghoul Venom Mage began the quest for the Orb.
     0 | D:1      | Reached XP level 1. HP: 14/14 MP: 2/2
   187 | D:1      | Reached skill level 1 in Unarmed Combat
   596 | D:1      | Reached XP level 2. HP: 18/20 MP: 3/3
   776 | D:1      | Reached skill level 2 in Unarmed Combat
  1001 | D:1      | HP: 10/20 [hobgoblin/club (6)]
  1368 | D:1      | Reached XP level 3. HP: 26/26 MP: 4/4
  1474 | D:1      | Reached skill level 3 in Unarmed Combat
  2513 | D:2      | Reached XP level 4. HP: 21/33 MP: 5/5
  3052 | D:3      | HP: 16/32 [worm (1)]
  3057 | D:3      | HP: 7/32 [worker ant (5)]
  3064 | D:4      | HP: 4/32 [worker ant (3)]
  3065 | D:4      | Reached skill level 4 in Unarmed Combat
  3283 | D:4      | Found the ring of the Mage {Wiz MR++ Int+3}
  3297 | D:4      | HP: 13/31 [howler monkey skeleton (4)]
  3390 | D:4      | HP: 15/33 [hound (4)]
  3396 | D:5      | Entered Level 5 of the Dungeon
  3399 | D:5      | HP: 13/33 [hound (2)]
  3402 | D:5      | Found a burning altar of Makhleb.
  3405 | D:5      | HP: 5/33 [hound (3)]
  3407 | D:5      | HP: 2/33 [hound (3)]
  3414 | D:5      | Reached skill level 5 in Unarmed Combat
  3414 | D:5      | Reached XP level 5. HP: 2/39 MP: 6/6
  3415 | D:5      | Slain by a leopard gecko

Skill      XL: |  1  2  3  4 |
---------------+-------------+-----
Unarmed Combat | 1 2 3 5 |  5.0
Dodging        | 2 |  2.0
Fighting       | |  0.6
Stealth        | |  2.1
Spellcasting   | |  1.7
Conjurations   | |  0.7
Poison Magic   | |  3.0

Action                   |  1- 3 |  4- 6 || total
-------------------------+-------+-------++-------
Melee: Unarmed           |   175 |    61 ||   236
       Punch             |     1 |       ||     1
 Cast: Sting             |     2 |       ||     2
  Use: Potion            |       |     2 ||     2
 Stab: Sleeping          |     5 |       ||     5
       Distracted        |     1 |       ||     1
  Eat: Chunk             |    12 |     4 ||    16
Armor: Robe              |    36 |       ||    36
       Ring mail         |       |    27 ||    27
Dodge: Dodged            |   114 |    45 ||   159

Vault maps used:
D:1:      saegor_arrival_simple_b, dk_noncrumbling_2
D:2:      minmay_pentomino_z2
D:3:      lemuel_coloured_pillars_altar, first_ration,
          chequers_ecumenical_altar_island, grunt_ministairs_7, minmay_rat_hole,
          uniq_robin
D:4:      minmay_temple_entry_glassed_door, gup_ossuary_entry_pyramid
D:5:      eat_drink_and_be_merry_uskayaw, kennysheep_cross_bottleneck,
          bloody_makhleb
